 Dungeon Crawl Stone Soup version 0.29-a0-330-g52719c12eb (webtiles) character file.

Game seed: 14097654748346330004

27 Maratek the Chopper (level 3, -1/33 HPs)
             Began as a Hill Orc Monk on May 31, 2022.
             Was a Priest of Beogh.
             Slain by Jessica
             ... wielding a +0 dagger
              (4 damage)
             ... on level 2 of the Dungeon.
             The game lasted 00:02:46 (1127 turns).

Maratek the Chopper (Hill Orc Monk)                 Turns: 1127, Time: 00:02:47

Health: -1/33      AC:  3    Str: 15    XL:     3   Next: 10%
Magic:  3/3        EV: 12    Int: 10    God:    Beogh [***...]
Gold:   98         SH:  0    Dex: 13    Spells: 2/2 levels left

rFire   . . .      SeeInvis .   a - +1 hand axe
rCold   . . .      Faith    .   (no shield)
rNeg    . . .      Spirit   .   b - +1 robe
rPois   .          Reflect  .   (no helmet)
rElec   .          Harm     .   (no cloak)
rCorr   .          Rampage  .   (no gloves)
Will    .....                   (no boots)
Stlth   ++........              (no amulet)
HPRegen 0.11/turn               (no ring)
MPRegen 0.08/turn               (no ring)

@: no status effects
A: no striking features
a: Renounce Religion, Smiting


You were on level 2 of the Dungeon.
You worshipped Beogh.
Beogh was most pleased with you.
You visited 1 branch of the dungeon, and saw 2 of its levels.

You collected 98 gold pieces.

Inventory:

Hand Weapons
 a - a +1 hand axe (weapon)
Armour
 b - a +1 robe (worn)
Jewellery
 d - an amulet of regeneration
Scrolls
 g - a scroll of teleportation
Potions
 f - a potion of heal wounds
 i - a potion of curing


   Skills:
 + Level 4.0 Fighting
 + Level 4.5 Axes
 + Level 2.7 Dodging
 + Level 1.8 Stealth


You had 2 spell levels left.
You didn't know any spells.
Your spell library was empty.

Dungeon Overview and Level Annotations

Branches:
Dungeon (2/15)

Altars:
Beogh

Annotations:
D:2 Jessica


Message History

You kill the ball python!
Beogh accepts your kill.
You hit the hobgoblin.
The hobgoblin is moderately wounded.
The hobgoblin hits you but does no damage.
You barely miss the hobgoblin.
The hobgoblin is moderately wounded.
The hobgoblin closely misses you.
You hit the hobgoblin.
The hobgoblin is severely wounded.
The hobgoblin closely misses you. x2
You barely miss the hobgoblin.
The hobgoblin is severely wounded.
The hobgoblin barely misses you.
You hit the hobgoblin.
The hobgoblin is almost dead.
The hobgoblin barely misses you.
You hit the hobgoblin.
You kill the hobgoblin!
Beogh accepts your kill.
You can now gain orcish followers.
Jessica points at you and mumbles some strange words.
Pain shoots through your body! Jessica barely misses you.
Jessica hits you with a +0 dagger!
* * * LOW HITPOINT WARNING * * *
Things that are here:
a murky golden potion; a hobgoblin corpse; a ball python corpse You hit Jessica.
Jessica is severely wounded.
Jessica hits you with a +0 dagger.
* * * LOW HITPOINT WARNING * * *
You hit Jessica.
Jessica is almost dead.
Jessica gestures at you while chanting.
You barely resist. Jessica gestures at you while chanting.
You resist with some effort.
You closely miss Jessica.
Jessica is severely wounded.
Jessica hits you with a +0 dagger.
You die...

#.
#.#.######.##
#.
##.########..#
#.
..........).?.
##.##
##.#.#(...##..
#...# #.
#....###.
#.#.#
#........# . #
#.## ....#####
# #..# #....
##@# #....
#@.# #..?.
##... ##...
..).. ...# ###


You could see Jessica (fast, resistant).

Vanquished Creatures
  A ball python (D:2)
  2 bats (D:1)
  8 endoplasms
  A giant cockroach (D:1)
  2 goblins
  A hobgoblin (D:2)
  A quokka (D:1)
  3 frilled lizards (D:1)
  3 kobolds
  A rat (D:1)
23 creatures vanquished.

Notes
Turn   | Place    | Note
-------+----------+-------------------------------------------
     0 | D:1      | Maratek the Hill Orc Monk began the quest for the Orb.
     0 | D:1      | Reached XP level 1. HP: 19/19 MP: 1/1
   242 | D:1      | Reached XP level 2. HP: 20/27 MP: 2/2
   772 | D:1      | Found a faded altar of an unknown god.
   778 | D:1      | Prayed at the altar of an unknown god.
   778 | D:1      | Became a worshipper of Beogh the Brigand
   778 | D:1      | Reached * piety under Beogh
   778 | D:1      | Reached ** piety under Beogh
  1100 | D:2      | Reached XP level 3. HP: 18/33 MP: 3/3
  1105 | D:2      | Noticed Jessica
  1123 | D:2      | Reached *** piety under Beogh
  1127 | D:2      | Slain by Jessica

Illustrated notes

Levels and vault maps discovered:
D:1:      amcnicky_arrival_choice, layout_loops_ring,
          hellmonk_ecumenical_altar_leap_of_faith
D:2:      minmay_general_purpose_star, layout_basic, uniq_jessica, uniq_natasha

Skill      XL: |  1  2 |
---------------+-------+-----
Fighting       | 4 |  4.0
Axes           | |  4.5
Dodging        | |  2.7
Stealth        | |  1.8

Action                   || total
-------------------------++-------
Melee: Hand axe          ||    86
       Punch             ||     1
  Use: Potion            ||     3
       Scroll            ||     4
 Stab: Sleeping          ||     5
Armor: Robe              ||    11
Dodge: Dodged            ||    41

Table legend: (Time is in decaauts)
 A = Elapsed time spent in this place.
 B = Non-inter-level travel time spent in this place.
 C = Inter-level travel time spent in this place.
 D = Time resting spent in this place.
 E = Time spent auto-exploring this place.
 F = Levels seen in this place.
 G = Mean time per level.
                   A        B        C        D        E       F      G
               +--------+--------+--------+--------+--------+-----+--------+
         Total |   1134 |   1134 |      0 |      0 |    875 |   2 |  567.0 |
       Dungeon |   1134 |   1134 |      0 |      0 |    875 |   2 |  567.0 |
               +--------+--------+--------+--------+--------+-----+--------+

Top non-repeatable levels by time:
     D:1: 1047 daAuts
     D:2: 87 daAuts
